AoeStats
← Abraham The Dead

Arena

508302929Analyzed
1v1 RM · 12d ago on Sep 21, 2026· 60m 57s· 2 players
Game mode
Random Map
Map size
Tiny (2 player)
Population
200
Speed
Normal
Resources
Standard
Victory
Conquest
Starting age
Dark Age
Ending age
Imperial Age
RankedLock teamsTeams togetherTeam positionsShared explorationLock speedFull tech treeHidden civsTurbo modeCheats
Victory
Defeat
🇺🇸 Armenians · United States
1204
+16
🇹🇷 Gurjaras · Türkiye
1199
-16
Abraham The Dead
10:24 Feudal Age
14:55 Castle Age
14:05 Double-Bit Axe
14:13 Horse Collar
15:53 Loom
17:02 Bow Saw
17:08 Gold Mining
17:32 Town Watch
20:19 Sanctity
27:07 Wheelbarrow
31:01 Imperial Age
29:49 Scale Mail Armor
29:59 Forging
30:07 Hand Cart
29:49 Stone Mining
31:19 Chain Mail Armor
32:08 Kshatriyas
32:50 Conscription
33:06 Conscription
33:41 Elite Chakram Thrower
35:56 Plate Mail Armor
36:57 Iron Casting
39:31 Scale Barding Armor
40:07 Masonry
41:07 Chemistry
40:22 Bloodlines
40:23 Elite Shrivamsha Rider
41:43 Chain Barding Armor
42:29 Heavy Plow
43:05 Husbandry
43:53 Plate Barding Armor
52:51 Elite Elephant Archer
53:21 Fletching
54:17 Bodkin Arrow
55:15 Ballistics
55:49 Bracer
56:58 Thumb Ring
59:59 Padded Archer Armor
Minika Wildflower
10:46 Feudal Age
12:44 Loom
16:05 Castle Age
14:36 Horse Collar
15:37 Double-Bit Axe
19:25 Bow Saw
19:41 Fletching
22:44 Bodkin Arrow
24:26 Wheelbarrow
24:39 Pikeman
25:21 Scale Mail Armor
27:11 Chain Mail Armor
29:18 Hand Cart
29:21 Squires
29:59 Forging
30:42 Padded Archer Armor
31:44 Iron Casting
32:29 Gold Mining
35:52 Imperial Age
33:35 Town Watch
34:21 Leather Archer Armor
36:17 Gold Shaft Mining
35:34 Stone Mining
35:44 Halberdier
36:35 Bracer
38:28 Chemistry
38:27 Ring Archer Armor
37:23 Elite Composite Bowman
40:15 Plate Mail Armor
41:21 Ballistics
42:01 Masonry
42:03 Fortified Wall
44:18 Blast Furnace
43:50 Town Patrol
44:57 Man-at-Arms
45:22 Gambesons
46:50 Fereters
46:09 Long Swordsman
46:51 Two-Handed Swordsman
47:19 Arson
47:40 Champion
56:11 Elite Skirmisher
Connection lost

Rejoining the realm…

Still unreachable

The connection could not be restored.

Session expired

The server has moved on; the page needs a fresh start.